Map: [ESL] Oceanborn

Players

NightPhoenix

  • Race: Protoss Protoss
  • Spawn Location: 11:00

SKillous - Winner!

  • Race: Protoss Protoss
  • Spawn Location: 5:00

Event: ESL SC2 Masters 2023 Winter (Regional)

VOD

Have the link to the VOD?

Description

Time

  • Played on: Oct. 26, 2023, 11:17 a.m.
  • Length: 7:10

All games in this series

Show
View Real Time Build Order
Export as new Build Order

NightPhoenix Protoss 

Build Orders: Oracle Opening 

Get SALT Encoding   

  12  0:00  Probe  
  13  0:12  Probe  
  14  0:17  Pylon  
  14  0:24  Probe (Chrono Boost)  
  15  0:36  Gateway, Probe (Chrono Boost)  
  16  0:44  Probe (Chrono Boost)  
  16  0:45  Assimilator  
  17  0:51  Probe  
  17  0:53  Assimilator  
  18  1:03  Probe (Chrono Boost)  
  19  1:06  Gateway  
  19  1:13  Probe (Chrono Boost)  
  19  1:18  Probe (Chrono Boost)  
  20  1:23  Cybernetics Core  
  21  1:29  Probe  
  22  1:35  Pylon  
  22  1:41  Probe  
  24  1:59  Adept x2  
  28  2:02  Stargate  
  27  2:09  Pylon  
  27  2:12  Warp Gate  
  27  2:20  Probe  
  28  2:29  Adept x2  
  32  2:42  Pylon  
  32  2:45  Oracle (Chrono Boost)  
  35  2:52  Shield Battery  
  32  3:25  Probe  
  34  3:33  Gateway, Twilight Council  
  28  3:39  Probe  
  28  3:40  Gateway  
  29  4:00  Stalker x2  
  29  4:02  Blink (Chrono Boost)  
  33  4:16  Pylon  
  33  4:25  Stalker x2  
  37  4:32  Stalker  
  39  4:41  Stalker  
  41  4:47  Pylon  
  41  4:55  Stalker  
  42  5:08  Stalker  
  42  5:13  Stalker  
  46  5:21  Stalker  
  48  5:29  Stalker  
  50  5:39  Stalker  
  46  6:03  Stalker x3  
  46  6:10  Stalker  
  42  6:31  Adept x2  
  40  6:33  Stalker  
  42  6:40  Stalker  
  42  6:57  Adept x2  
Show
View Real Time Build Order
Export as new Build Order

SKillous Protoss - Winner!

Build Orders: Oracle Opening, Phoenix Opening 

Get SALT Encoding   

  12  0:00  Probe  
  13  0:12  Probe  
  14  0:17  Pylon  
  14  0:24  Probe  
  15  0:35  Gateway  
  15  0:36  Probe (Chrono Boost)  
  16  0:46  Assimilator, Probe (Chrono Boost)  
  17  0:51  Probe (Chrono Boost)  
  17  0:54  Assimilator  
  18  1:03  Probe (Chrono Boost)  
  19  1:07  Gateway  
  19  1:12  Probe (Chrono Boost)  
  20  1:20  Probe  
  20  1:24  Cybernetics Core  
  21  1:32  Probe  
  22  1:35  Pylon  
  22  1:44  Probe  
  23  1:56  Probe  
  23  2:01  Warp Gate, Adept x2  
  28  2:12  Pylon  
  28  2:18  Stargate  
  28  2:31  Stalker x2  
  32  2:51  Shield Battery  
  32  3:00  Shield Battery  
  32  3:04  Probe  
  32  3:05  Phoenix (Chrono Boost)  
  34  3:14  Pylon  
  34  3:16  Probe  
  33  3:24  Oracle  
  36  3:28  Probe  
  37  3:51  Nexus  
  37  3:58  Probe (Chrono Boost)  
  38  4:07  Probe (Chrono Boost)  
  39  4:11  Sentry  
  39  4:12  Pylon  
  42  4:19  Robotics Facility  
  41  4:26  Stalker  
  43  4:39  Shield Battery  
  43  4:42  Stalker  
  45  4:55  Stalker  
  47  5:04  Shield Battery  
  47  5:07  Immortal (Chrono Boost)  
  47  5:12  Probe  
  52  5:16  Sentry  
  52  5:21  Stalker  
  56  5:29  Pylon  
  56  5:33  Shield Battery  
  56  5:40  Immortal (Chrono Boost)  
  58  5:54  Stalker x2  
  56  5:59  Probe  
  57  6:05  Shield Battery, Probe  
  56  6:15  Immortal (Chrono Boost)  
  56  6:27  Stalker x2  
  56  6:28  Probe  
  56  6:29  Probe  
  60  6:41  Probe x2  
  65  6:55  Stalker  
  65  6:56  Probe (Chrono Boost)  
  68  7:02  Stalker  
Tags
 
Add a new tag
Caveats
  • Supply blocks, unpowered buildings, or Contaminate may cause inaccurate times.
  • Supply counts are checked every 10 seconds.